 Dungeon Crawl Stone Soup version 0.17-a0-2007-g96ac4c4 (webtiles) character file.

569 Ordine the Skirmisher (level 7, -2/52 HPs)
             Began as an Octopode Fighter on Oct 9, 2015.
             Slain by a centaur (3 damage)
             ... on level 4 of the Dungeon.
             The game lasted 00:07:52 (3920 turns).

Ordine the Skirmisher (Octopode Fighter)            Turns: 3920, Time: 00:07:52

Health: -2/52      AC:  1    Str: 15    XL:     7   Next: 33%
Magic:  7/7        EV: 10    Int: 11    God:
Gold:   130        SH:  9    Dex: 13    Spells: 0 memorised, 6 levels left

rFire  . . .     SeeInvis .     a - +1 long sword
rCold  + . .     Clarity  .     b - +1 shield
rNeg   . . .     SustAt   +     (helmet restricted)
rPois  .         Gourm    .     (no amulet)
rElec  .         Spirit   .     r - ring of protection from cold
rCorr  .         Warding  .     l - ring of sustain attributes
rMut   .         Stasis   .     (no ring)
MR     .....                    (no ring)
Stlth  ++........               (no ring)
                                (no ring)
                                (no ring)
                                (no ring)

@: not resistant to hostile enchantments, unstealthy
A: almost no armour, amphibious, 8 rings, constrict 8, camouflage 1, gelatinous
body 1
a: no special abilities


You were on level 4 of the Dungeon.
You were not hungry.

You visited 1 branch of the dungeon, and saw 4 of its levels.

You collected 130 gold pieces.

Inventory:

Hand Weapons
 a - a +1 long sword (weapon)
Missiles
 k - 3 javelins of penetration
 q - 9 poisoned needles
 s - 6 javelins (quivered)
Armour
 b - a +1 shield (worn)
Jewellery
 l - a ring of sustain attributes (right tentacle)
 r - a ring of protection from cold (left tentacle)
Scrolls
 f - 3 scrolls of remove curse
 g - a scroll of magic mapping
 m - a scroll of enchant weapon
Potions
 c - a potion of might
 e - a potion of invisibility
 h - a potion of brilliance {unknown}
 n - a potion of agility {unknown}
 p - 3 potions of degeneration {unknown}
 t - a potion of mutation {unknown}
Comestibles
 d - 4 bread rations
 i - a slice of pizza
 j - 3 beef jerkies
 o - 2 meat rations


   Skills:
 + Level 6.1 Fighting
 + Level 5.7 Long Blades
 - Level 3.0 Dodging
 - Level 3.0 Shields


You had 6 spell levels left.
You didn't know any spells.

Dungeon Overview and Level Annotations

Branches:
Dungeon (4/15)
 Temple: D:4-7

Altars:
Xom


Innate Abilities, Weirdness & Mutations

You cannot wear most types of armour.
You are amphibious.
You can wear up to eight rings at the same time.
You can use your tentacles to constrict eight enemies at once.
Your skin changes colour to match your surroundings (Stealth).
Your rubbery body absorbs attacks (AC +1).


Message History

The centaur barely misses you. You block the jackal skeleton's attack.
You slash the centaur!
The centaur is severely wounded.
The centaur hits you.
* * * LOW HITPOINT WARNING * * *
The jackal skeleton barely misses you. You block the centaur's attack.
Drink which item? (? for menu, Esc to quit)
Okay, then.
You hit the centaur.
The centaur is almost dead.
You block the centaur's attack. The jackal skeleton bites you.
* * * LOW HITPOINT WARNING * * *
The centaur closely misses you. The jackal skeleton bites you.
* * * LOW HITPOINT WARNING * * *
You hit the centaur.
The centaur is almost dead.
The centaur hits you!
* * * LOW HITPOINT WARNING * * *
The jackal skeleton barely misses you. The centaur hits you.
You die...

.#######.# #####.####.
.........###..........
.............#########
####.....##### ##
###....(...#
......##(##...#
##.##.#(..#......
#.#...#.(.......###
#....wZ@†...#..##
#.#...c#...##...#
##...###......# ....#
...##..# #.##. ....#
.# >. .. ...[. # ..
..#. #.


You could see a centaur, a worm and a jackal skeleton.

Vanquished Creatures
  3 phantoms (D:4)
  A centaur (D:4)
  A giant frog skeleton (D:4)
  3 worker ants (D:4)
  5 adders
  2 gnolls (D:4)
  2 worms (D:2)
  3 giant geckos
  An orc (D:4)
  3 giant cockroaches
  7 goblins
  4 hobgoblins
  9 jackals
  4 kobolds (D:1)
  6 bats
  2 giant newts (D:1)
  A quokka (D:4)
  4 rats
61 creatures vanquished.

Notes
Turn   | Place    | Note
--------------------------------------------------------------
     0 | D:1      | Ordine the Octopode Fighter began the quest for the Orb.
     0 | D:1      | Reached XP level 1. HP: 16/16 MP: 1/1
    88 | D:1      | Reached XP level 2. HP: 21/21 MP: 2/2
  1049 | D:2      | Reached XP level 3. HP: 26/26 MP: 3/3
  2004 | D:3      | Reached XP level 4. HP: 33/33 MP: 4/4
  2037 | D:3      | Reached skill level 4 in Fighting
  2099 | D:3      | Found a shimmering altar of Xom.
  2396 | D:4      | Noticed a centaur
  2408 | D:4      | Killed a centaur
  2408 | D:4      | Reached XP level 5. HP: 7/38 MP: 5/5
  2825 | D:4      | Noticed a phantom
  2871 | D:4      | Killed a phantom
  2871 | D:4      | Reached skill level 5 in Fighting
  2871 | D:4      | Reached XP level 6. HP: 11/45 MP: 6/6
  3409 | D:4      | Reached skill level 5 in Long Blades
  3534 | D:4      | Reached XP level 7. HP: 31/51 MP: 7/7
  3602 | D:4      | Noticed a phantom
  3618 | D:4      | Killed a phantom
  3618 | D:4      | Reached skill level 6 in Fighting
  3920 | D:4      | HP: 1/52 [centaur (10)]
  3920 | D:4      | Slain by a centaur

Vault maps used:
D:1:      onia_arrival_mini_spirals, roderic_lattice_a,
          minmay_misc_feat_pillars, amethyst_killhole
D:2:      serial_park_tiny_1
D:3:      nicolae_overflow_hidden_temple
D:4:      minmay_temple_entry_fiery, first_bread,
          hangedman_abyss_or_decor_stagger, hangedman_decor_clover_reticule

Action                   |  1- 3 |  4- 6 |  7- 9 || total
-------------------------+-------+-------+-------++-------
Melee: Long sword        |    53 |    69 |    29 ||   151
Throw: Javelin           |       |     2 |     5 ||     7
  Use: Scroll            |     7 |     2 |       ||     9
 Stab: Sleeping          |     8 |     1 |       ||     9
  Eat: Chunk             |     3 |     5 |     1 ||     9
